 Dungeon Crawl Stone Soup version 0.19-a0-28-g8794423 (webtiles) character file.

1346 Bzz the Digger (level 8, -3/43 HPs)
             Began as a Gargoyle Earth Elementalist on May 2, 2016.
             Slain by an orc warrior
             ... wielding a +0 halberd
              (17 damage)
             ... on level 6 of the Dungeon.
             The game lasted 00:21:50 (6921 turns).

Bzz the Digger (Gargoyle Earth Elementalist)        Turns: 6921, Time: 00:21:50

Health: -3/43      AC: 13    Str: 12    XL:     8   Next: 62%
Magic:  2/17       EV: 12    Int: 18    God:
Gold:   390        SH:  0    Dex: 10    Spells: 3 memorised, 11 levels left

rFire  + . .     SeeInvis .     H - +3 mace
rCold  x . .     Gourm    +     a - +0 robe
rNeg   + . .     Faith    .     (no shield)
rPois  ∞         Spirit   .     q - +1 helmet
rElec  +         Dismiss  .     j - +1 cloak
rCorr  +         Reflect  .     t - +1 pair of gloves
SustAt .         Harm     .     (no boots)
MR     .....                    i - amulet of the gourmand
Stlth  ++........               p - ring of fire
                                n - ring of resist corrosion

@: not resistant to hostile enchantments, unstealthy
A: negative energy resistance 1, electricity resistance, unbreathing,
petrification resistance, rot immunity, AC +5
a: no special abilities


You were on level 6 of the Dungeon.
You were very full.

You visited 1 branch of the dungeon, and saw 6 of its levels.

You collected 390 gold pieces.

Inventory:

Hand Weapons
 s - a +0 vampiric spear
 H - a +3 mace (weapon)
 I - a +1 dagger of venom
Missiles
 b - 94 stones (quivered)
Armour
 a - a +0 robe (worn)
 j - a +1 cloak (worn)
 q - a +1 helmet (worn)
 t - a +1 pair of gloves (worn)
 C - a cursed +0 leather armour
Jewellery
 i - an amulet of the gourmand (around neck)
 n - a ring of resist corrosion (left hand)
 p - a ring of fire (right hand)
Wands
 x - a wand of iceblast (15/15)
Scrolls
 e - a scroll of magic mapping
 m - 2 scrolls of blinking
 y - 4 scrolls of remove curse
 D - a scroll of fog
Potions
 f - 2 potions of brilliance
 h - 5 potions of curing
 l - 3 potions of heal wounds
 r - a potion of beneficial mutation {unknown}
 u - a potion of cancellation {unknown}
 v - a potion of berserk rage {unknown}
 w - 2 potions of agility {unknown}
 z - 2 potions of mutation {unknown}
 A - a potion of lignification {unknown}
 F - 2 potions of flight {unknown}
Books
 c - a book of Geomancy

   Spells                             Type                      Level
   a - Sandblast                      Earth                        1
   b - Passwall                       Transmutation/Earth          2
   c - Stone Arrow                    Conjuration/Earth            3
   d - Petrify                        Transmutation/Earth          4
   e - Lee's Rapid Deconstruction     Earth                        5
Comestibles
 d - 4 bread rations
 k - 2 beef jerkies
 o - 3 meat rations
 E - a royal jelly
 G - a slice of pizza


   Skills:
 + Level 1.2 Fighting
 + Level 1.8 Maces & Flails
 + Level 1.6 Armour
 + Level 2.0 Dodging
 - Level 2.1 Stealth
 * Level 6.5 Spellcasting
 + Level 4.6 Conjurations
   Level 0.7 Transmutations
 + Level 7.0 Earth Magic


You had 11 spell levels left.
You knew the following spells:

 Your Spells              Type           Power        Failure   Level  Hunger
a - Sandblast             Erth           ####..       1%          1    None
b - Stone Arrow           Conj/Erth      ####..       3%          3    ##.....
c - Lee's Rapid Deconstr  Erth           ####......   21%         5    #####..


Dungeon Overview and Level Annotations

Branches:
Dungeon (6/15)
 Temple: D:4-7

Altars:
Dithmenos
Zin
The Shining One

Shops:
D:5 (

Annotations:
D:4 1 runed door


Innate Abilities, Weirdness & Mutations

You are resistant to torment.
Your stone body is resilient (AC +5).
You are immune to poison.
You resist negative energy.
You are resistant to electric shocks.
You can survive without breathing.
You are immune to petrification.
You are immune to rotting.


Message History

The blast of sand hits the orc warrior.
The orc warrior is almost dead.
The orc warrior barely misses you. The orc warrior closely misses you.
Things that are here:
a ring mail; a short sword; an orc corpse You hit the orc warrior but do no damage.
The orc warrior is almost dead.
The orc warrior barely misses you.
You closely miss the orc warrior.
The orc warrior is almost dead.
The orc warrior hits you with a halberd!
You barely miss the orc warrior.
The orc warrior is almost dead.
The orc warrior hits you with a halberd!
You hit the orc warrior.
The orc warrior is almost dead.
The orc warrior closely misses you.
The orc warrior hits you with a halberd!
You die...

####.# #.##.## #.# (
###..###.#...#####..
.##.#..............#
....#.####...#.###..
.##.#.# ##.##.# .#
##.#..# #.##.# o#
#.###.#####.##.# .######
.# ##......##.###.......
#.###.######....@oo.....#
#.#.## #.#.###.####.#
###.## #.#.# .# .##.#
#.#.# .. .##.# #.#.# .##
....# #.#.# .# .####
#.#.. .# .... ..### ##
#####


You could see an orc warrior and an orc.

Vanquished Creatures
  A hungry ghost (D:4)
  2 sky beasts
  An ogre (D:4)
  A giant frog (D:6)
  A wyvern skeleton (D:6)
  A giant frog zombie (D:5)
  A crimson imp (D:4)
  2 hounds (D:4)
  3 giant frog skeletons (D:4)
  5 orc priests (D:5)
  5 orc wizards
  4 worker ants
  10 adders
  2 shadow imps (D:5)
  2 oozes
  3 adder skeletons
  2 worms
  2 dart slugs (D:3)
  4 giant geckos
  16 orcs
  3 ball pythons
  3 giant cockroaches
  6 goblins
  11 hobgoblins
  A quokka (D:6)
  6 bats
  A giant cockroach zombie (D:5)
  3 giant newts
  6 kobolds
  A quokka skeleton (D:5)
  6 rats (D:1)
115 creatures vanquished.

Notes
Turn   | Place    | Note
--------------------------------------------------------------
     0 | D:1      | Bzz the Gargoyle Earth Elementalist began the quest for the Orb.
     0 | D:1      | Reached XP level 1. HP: 10/10 MP: 3/3
   189 | D:1      | Reached XP level 2. HP: 4/15 MP: 3/5
   609 | D:1      | Reached skill level 4 in Earth Magic
  1199 | D:1      | Reached XP level 3. HP: 19/19 MP: 7/7
  1204 | D:1      | Learned a level 3 spell: Stone Arrow
  2205 | D:2      | Found a shadowy altar of Dithmenos.
  2377 | D:3      | Reached XP level 4. HP: 24/24 MP: 8/8
  2401 | D:3      | Reached skill level 1 in Conjurations
  2464 | D:3      | Found a faded altar to an unknown god.
  2823 | D:3      | Reached XP level 5. HP: 24/28 MP: 4/10
  2872 | D:3      | Learned a level 5 spell: Lee's Rapid Deconstruction
  3023 | D:3      | Found a glowing golden altar of the Shining One.
  3389 | D:4      | Found a glowing silver altar of Zin.
  3390 | D:4      | Found a runed door.
  3390 | D:4      | Noticed an angel
  3433 | D:4      | Reached skill level 5 in Earth Magic
  3625 | D:4      | Reached XP level 6. HP: 31/32 MP: 12/12
  4620 | D:4      | Reached skill level 5 in Spellcasting
  4620 | D:4      | Reached XP level 7. HP: 36/36 MP: 7/14
  4673 | D:4      | Noticed a hungry ghost
  4693 | D:4      | Killed a hungry ghost
  4693 | D:4      | Reached skill level 6 in Earth Magic
  4875 | D:5      | Entered Level 5 of the Dungeon
  5529 | D:5      | Reached XP level 8. HP: 41/41 MP: 6/17
  5935 | D:5      | Found Jiach's Weapon Emporium.
  5961 | D:5      | Reached skill level 1 in Maces & Flails
  6388 | D:6      | Reached skill level 1 in Armour
  6506 | D:6      | Reached skill level 1 in Fighting
  6608 | D:6      | Reached skill level 7 in Earth Magic
  6921 | D:6      | Slain by an orc warrior

Vault maps used:
D:1:      dpeg_arrival_leaves_temple_mockup
D:2:      grunt_dithmenos_smoke_and_mirrors, first_bread
D:3:      tso_metal_star, ecumenical_altar_2, minmay_misc_feat_cross
D:4:      lemuel_angel_altar
D:5:      serial_shops, shop_statue, grunt_ministairs_6

Skill      XL: |  1  2  3  4  5  6  7  8 |
---------------+-------------------------+-----
Earth Magic    | 4 5 6 7 |  7.0
Spellcasting   | 3 4 5 6 |  6.5
Conjurations   | 1 2 3 4 |  4.6
Maces & Flails | 1 |  1.8
Armour         | 1 |  1.6
Fighting       | 1 |  1.2
Dodging        | 2 |  2.0
Stealth        | |  2.1
Transmutations | |  0.7

Action                   |  1- 3 |  4- 6 |  7- 9 || total
-------------------------+-------+-------+-------++-------
Melee: Club              |    18 |       |       ||    18
       Dagger            |    87 |    14 |    31 ||   132
       Spear             |    45 |   289 |       ||   334
       Mace              |       |       |   125 ||   125
 Cast: Sandblast         |    18 |     2 |    24 ||    44
       Stone Arrow       |     1 |    18 |    32 ||    51
  Use: Scroll            |     4 |     4 |     6 ||    14
 Stab: Distracted        |     1 |       |       ||     1
       Sleeping          |     2 |     3 |     2 ||     7
  Eat: Chunk             |    18 |     9 |    19 ||    46
Armor: Robe              |    60 |   122 |    94 ||   276
Dodge: Dodged            |    94 |   184 |   130 ||   408
